 Dungeon Crawl Stone Soup version 0.32-a0-329-ge6c31236d6 (webtiles) character file.

Game seed: 6749606005612541531

51 Bravepunisher the Ducker (level 3, -7/19 HPs)
             Began as a Spriggan Monk on Feb 16, 2024.
             Killed by an exploding hound (20 damage)
             ... ignited by their inner flame
             ... on level 4 of the Dungeon.
             The game lasted 00:01:49 (352 turns).

Bravepunisher the Ducker (Spriggan Monk)             Turns: 352, Time: 00:01:53

Health: -7/19      AC:  2    Str:  7    XL:     3   Next: 57%
Magic:  4/4        EV: 20    Int: 11    God:
Gold:   25         SH:  0    Dex: 19    Spells: 2/2 levels left

rFire   . . .        a - +0 short sword
rCold   . . .        (no shield)
rNeg    . . .        b - +0 robe
rPois   .            (helmet restricted)
rElec   .            (no cloak)
rCorr   .            (gloves unavailable)
SInv    +            (boots unavailable)
Will    .....        (no amulet)
Stlth   ++           (no ring)
HPRegen 0.23/turn    (no ring)
MPRegen 0.09/turn

%: no passive effects
@: lethally poisoned (-7 -> -12), hasted, very quick
A: very small, no large weapons, unfitting armour, see invisible, speed 3
a: no special abilities


You were on level 4 of the Dungeon.
You visited 1 branch of the dungeon, and saw 4 of its levels.

You collected 25 gold pieces.

Inventory:

Hand Weapons
 a - a +0 short sword (weapon)
Armour
 b - a +0 robe (worn)
Jewellery
 h - a ring of protection from cold
Scrolls
 g - a scroll of identify
Potions
 c - a potion of ambrosia
 d - a potion of invisibility


   Skills:
 + Level 2.9 Fighting
 - Level 3.2 Short Blades
 * Level 5.5 Dodging


You had 2 spell levels left.
You didn't know any spells.
Your spell library was empty.

Dungeon Overview and Level Annotations

Branches:
Dungeon (4/15)
 Temple: D:4-7

Altars:

Shops:
D:3 [


Innate Abilities, Weirdness & Mutations

You are very small and have problems with some larger weapons.
You are too small for most types of armour.
You have supernaturally acute eyesight. (SInv)
You cover ground extremely quickly. (Speed+++)


Message History

You see here an adder corpse.
Found 14 gold pieces.
An ogre comes into view. It is wielding a +0 giant club.
You now have 25 gold pieces (gained 14).
You hear the slow hiss of an avalanche of sand nearby.
A hound comes into view.
The hound barks!
You flicker for a moment.
The hound completely misses you.
You flicker back into view.
An adder comes into view.
The adder hisses angrily.
Found a stone staircase leading up.
An iguana comes into view.
It was a potion of haste.
You feel yourself speed up.
Okay, then.
As you read the scroll labelled CENNO ENERUHUIMI, it crumbles to dust.
It is a scroll of identify.
e - a scroll of immolation The adder closely misses you.
Unknown command.
As you read the scroll of immolation, it crumbles to dust.
The creatures around you are filled with an inner flame!
The hound closely misses you.
Unknown command.
You hit the hound.
Flame seeps out of the hound.
The hound is lightly wounded.
The hound is engulfed in blazing flames.
Flame seeps out of the hound.
The hound closely misses you. The adder bites you.
You are poisoned.
The adder poisons you!
You hit the hound.
Flame seeps out of the hound.
The hound is almost dead.
You feel sick.
The hound is engulfed in blazing flames.
The hound explodes!
The fiery explosion engulfs you!!
Ouch! That really hurt!
You die...

####...###########
.............h...#
###....#########.#
#.#.## #.# ....#.#
#.# #.#.###.# #.#
##.## #.# #.# #.#
## #○# .# #@# #S#
#l# #.# ... ...
.<. ##.#.


You could see an iguana (inner flame) and an adder (inner flame).

Vanquished Creatures
  A hound (D:4)
  An iguana (D:4)
  An adder (D:4)
  An orc (D:4)
  A giant cockroach (D:1)
  A hobgoblin (D:3)
  A kobold (D:1)
  A quokka (D:4)
  A bat (D:1)
  A frilled lizard (D:1)
  A rat (D:2)
11 creatures vanquished.

Notes
Turn   | Place    | Note
-------+----------+-------------------------------------------
     0 | D:1      | Bravepunisher the Spriggan Monk began the quest for the
                  | Orb.
     0 | D:1      | Reached XP level 1. HP: 11/11 MP: 2/2
    69 | D:2      | Reached XP level 2. HP: 16/16 MP: 3/3
   229 | D:3      | Found Ozazimni's Antique Armour Shop.
   284 | D:4      | Reached skill level 5 in Dodging
   284 | D:4      | Reached XP level 3. HP: 5/19 MP: 4/4
   313 | D:4      | Noticed an ogre
   352 | D:4      | Killed by an exploding hound... ignited by their inner
                  | flame

Illustrated notes

Levels and vault maps discovered:
D:1:      spicycebolla_green_bress_n_ham, layout_rooms,
          chequers_ecumenical_altar_grove, chequers_serial_rivers_large_a,
          nicolae_figureground_pulse
D:2:      layout_basic, basic_altar, kennysheep_generic_room_13, uniq_robin
D:3:      layout_loops_cross, serial_shops, shop
D:4:      layout_loops_ring, amcnicky_altar_gilded,
          lightli_ossuary_entry_decrepit_ruins, bh_walls_and_bars, uniq_pikel,
          uniq_blork_the_orc

Skill      XL: |  1  2 |
---------------+-------+-----
Dodging        | 5 |  5.5
Fighting       | |  2.9
Short Blades   | |  3.2

Action                     || total
---------------------------++-------
  Melee: Short sword       ||    42
    Use: Potion            ||     2
         Scroll            ||     2
   Stab: Invisible         ||     2
 Armour: Robe              ||     9
  Dodge: Dodged            ||    39

Table legend: (Time is in decaauts)
 A = Elapsed time spent in this place.
 B = Non-inter-level travel time spent in this place.
 C = Inter-level travel time spent in this place.
 D = Time resting spent in this place.
 E = Time spent auto-exploring this place.
 F = Levels seen in this place.
 G = Mean time per level.
                   A        B        C        D        E       F      G
               +--------+--------+--------+--------+--------+-----+--------+
         Total |    229 |    229 |      0 |      0 |     93 |   4 |   57.2 |
       Dungeon |    229 |    229 |      0 |      0 |     93 |   4 |   57.2 |
               +--------+--------+--------+--------+--------+-----+--------+

Top non-repeatable levels by time:
     D:3: 107 daAuts
     D:4: 66 daAuts
     D:1: 47 daAuts
     D:2: 7 daAuts
